 Dungeon Crawl Stone Soup version 0.22.0-38-g04b72b8 (webtiles) character file.

797 shmeve the Chopper (level 7, 0/94 HPs)
             Began as a Minotaur Berserker on Aug 29, 2018.
             Was a Priest of Trog.
             Slain by an orc warrior
             ... wielding a +0 short sword
              (3 damage)
             ... on level 6 of the Dungeon.
             The game lasted 00:07:54 (4402 turns).

shmeve the Chopper (Minotaur Berserker)             Turns: 4402, Time: 00:07:55

Health: 0/94       AC: 23    Str: 23    XL:     7   Next: 58%
Magic:  6/6        EV:  2    Int:  4    God:    Trog [***...]
Gold:   208        SH:  0    Dex: 10    Spells: 6/6 levels left

rFire    + . .     SeeInvis .   r - +0 war axe
rCold    . . .     Gourm    .   (no shield)
rNeg     + + +     Faith    .   (armour currently unavailable)
rPois    +         Spirit   .   (helmet currently unavailable)
rElec    .         Reflect  .   (cloak currently unavailable)
rCorr    +         Harm     .   (gloves currently unavailable)
MR       ++...     NoTele   +   (boots currently unavailable)
Stlth    +.........             (no amulet)
HPRegen  1.25/turn              i - ring of resist corrosion
MPRegen  0.10/turn              j - ring of protection from fire

@: tree-form, regenerating
A: (retaliatory headbutt)
a: Berserk, Trog's Hand, Renounce Religion


You were on level 6 of the Dungeon.
You worshipped Trog.
Trog was most pleased with you.
You were not hungry.
You were a tree.
You visited 1 branch of the dungeon, and saw 6 of its levels.

You collected 208 gold pieces.

Inventory:

Hand Weapons
 r - a +0 war axe (weapon)
Armour
 g - a +0 pair of boots (melded)
 s - a +0 chain mail (melded)
Jewellery
 i - a ring of resist corrosion (left branch)
 j - a ring of protection from fire (right branch)
Wands
 t - a wand of digging (12)
Scrolls
 a - 2 scrolls of remove curse {unknown}
 b - 2 scrolls of fog {unknown}
 e - a scroll of blinking {unknown}
 l - 3 scrolls of teleportation {unknown}
 m - a scroll of identify {unknown}
 n - 5 scrolls of enchant armour {unknown}
 q - a scroll of noise {unknown}
Potions
 d - 2 potions of agility {unknown}
 f - 3 potions of lignification
 h - 2 potions of curing {unknown}
 k - 2 potions of mutation {unknown}
 o - a potion of degeneration {unknown}
 p - 2 potions of haste {unknown}
 v - a potion of berserk rage {unknown}
Comestibles
 c - 7 rations
 u - 4 chunks of flesh


   Skills:
 * Level 6.2 Fighting
 * Level 6.3 Axes
 * Level 4.0 Throwing
 + Level 4.1 Armour
 + Level 3.8 Dodging


You had 6 spell levels left.
You didn't know any spells.
Your spell library was empty.

Dungeon Overview and Level Annotations

Branches:
Dungeon (6/15)
 Temple: D:4-7

Altars:
Ashenzari
Cheibriados
Hepliaklqana
Nemelex Xobeh
Sif Muna
Trog
Vehumet
Xom
The Shining One

Annotations:
D:6 Dowan, Duvessa


Innate Abilities, Weirdness & Mutations

((You reflexively headbutt those who attack you in melee.))
((You have a pair of horns on your head.))


Message History

* * * LOW HITPOINT WARNING * * *
The orc hits you but does no damage.
The phantom blinks!
The orc shouts!
Dowan gestures wildly while chanting.
Dowan blinks!
The jelly hits you but does no damage. Something hits you but does no damage.
The orc warrior hits you but does no damage.
The orc hits you but does no damage. The jelly hits you but does no damage.
The orc warrior hits you but does no damage.
You feel the effects of Trog's Hand fading.
The orc hits you but does no damage. Dowan hits you but does no damage.
The jelly hits you but does no damage.
The orc warrior hits you but does no damage.
Something hits you but does no damage. The orc hits you with a mace.
* * * LOW HITPOINT WARNING * * *
Dowan hits you but does no damage. The orc hits you but does no damage.
The jelly hits you but does no damage.
The orc warrior hits you with a short sword.
You die...

. .........# .
.#............. ..
.#............ ...
.............
..##...o......#
...eo.W.....#
#oJo.....#.# #.♣........#
#o.e.......# ##.#...#...#
. ##.#..##.#.##..# #
....###.[...##....#...##.
#........####....##..#..
.....###.#####...## .....
.###.........###..###....
#.........# ##.##.....


You could see a phantom, Duvessa, an orc warrior, Dowan, a jelly and 4 orcs.

Vanquished Creatures
  The ghost of Vultresant the Skirmisher, a novice MiFi (D:5)
  An ogre (D:6)
  2 crimson imps (D:5)
  A bullfrog zombie (D:5)
  A hound (D:5)
  A jelly (D:5)
  An orc wizard (D:4)
  A centaur skeleton (D:6)
  A hound skeleton (D:6)
  4 adders
  A shadow imp (D:5)
  2 oozes
  3 worms (D:2)
  3 dart slugs
  A leopard gecko (D:4)
  9 orcs
  3 ball pythons
  3 giant cockroaches
  8 goblins
  8 hobgoblins
  6 jackals
  5 kobolds
  2 quokkas
  8 bats
  4 frilled lizards
  14 rats
94 creatures vanquished.

Notes
Turn   | Place    | Note
-------+----------+-------------------------------------------
     0 | D:1      | shmeve the Minotaur Berserker began the quest for the Orb.
     0 | D:1      | Reached XP level 1. HP: 19/19 MP: 0/0
   174 | D:1      | Reached XP level 2. HP: 19/27 MP: 1/1
   562 | D:1      | Reached skill level 1 in Throwing
  1092 | D:2      | Reached XP level 3. HP: 24/33 MP: 2/2
  1435 | D:2      | Found a radiant altar of Vehumet.
  1436 | D:2      | Reached ** piety under Trog
  1535 | D:2      | Reached XP level 4. HP: 34/41 MP: 3/3
  1847 | D:2      | Found a hazy altar of Hepliaklqana.
  2288 | D:3      | Found a glowing golden altar of the Shining One.
  2573 | D:3      | Found a snail-covered altar of Cheibriados.
  3031 | D:4      | Reached XP level 5. HP: 47/47 MP: 4/4
  3232 | D:5      | Entered Level 5 of the Dungeon
  3264 | D:5      | Reached skill level 5 in Axes
  3286 | D:5      | Found a runed door.
  3286 | D:5      | Noticed Vultresant's ghost (novice MiFi)
  3309 | D:5      | Killed Vultresant's ghost
  3309 | D:5      | Reached skill level 5 in Fighting
  3309 | D:5      | Reached XP level 6. HP: 14/57 MP: 5/5
  3309 | D:5      | Reached XP level 7. HP: 15/62 MP: 6/6
  3603 | D:5      | Reached *** piety under Trog
  3619 | D:5      | Found a sparkling altar of Nemelex Xobeh.
  3751 | D:5      | Found a deep blue altar of Sif Muna.
  3765 | D:5      | Found a shimmering altar of Xom.
  3773 | D:5      | Found a shattered altar of Ashenzari.
  4020 | D:5      | Found a bloodstained altar of Trog.
  4386 | D:6      | Noticed Duvessa
  4391 | D:6      | HP: 4/94 [orc warrior/short sword (7)]
  4395 | D:6      | Noticed Dowan
  4398 | D:6      | HP: 2/94 [orc warrior/short sword (7)]
  4402 | D:6      | Slain by an orc warrior

Skill      XL: |  1  2  3  4  5  6  7 |
---------------+----------------------+-----
Axes           | 4 5 6 |  6.3
Throwing       | 1 2 3 4 |  4.0
Fighting       | 4 5 6 |  6.2
Armour         | 3 4 |  4.1
Dodging        | 3 |  3.8

Action                   |  1- 3 |  4- 6 |  7- 9 || total
-------------------------+-------+-------+-------++-------
Melee: Hand axe          |    69 |    56 |       ||   125
       Headbutt          |    12 |    18 |     7 ||    37
       War axe           |       |    40 |    37 ||    77
Invok: Berserk           |       |     1 |     1 ||     2
       Trog's Hand       |       |       |     1 ||     1
  Use: Potion            |       |       |     1 ||     1
 Stab: Sleeping          |     1 |     3 |       ||     4
  Eat: Chunk             |     2 |     5 |     6 ||    13
Armor: Animal skin       |    15 |    11 |       ||    26
       Chain mail        |       |     4 |    28 ||    32
       Skin              |       |       |    43 ||    43
Dodge: Dodged            |    38 |    56 |    34 ||   128
